 Dungeon Crawl Stone Soup version 0.17-a0-776-gd86b262 (webtiles) character file.

2667 Torrence the Covert (level 9, 0/42 HPs)
             Began as a Spriggan Enchanter on Apr 24, 2015.
             Killed from afar by an electric eel (8 damage)
             ... with a bolt of electricity
             ... on level 7 of the Dungeon.
             The game lasted 01:06:30 (9548 turns).

Torrence the Covert (Spriggan Enchanter)            Turns: 9548, Time: 01:06:30

Health: 0/42       AC:  3    Str:  4    XL:     9   Next: 37%
Magic:  13/16      EV: 24    Int: 23    God:
Gold:   418        SH:  6    Dex: 20    Spells: 3 memorised, 10 levels left

rFire  x . .     SeeInvis +     o - +2 rapier (freeze)
rCold  + . .     Clarity  .     b - +1 robe
rNeg   . . .     SustAb   .     a - +0 buckler
rPois  .         Gourm    .     (helmet restricted)
rElec  .         Spirit   .     (no cloak)
rCorr  .         Warding  .     (gloves unavailable)
rMut   .         Stasis   .     (boots unavailable)
MR     +....                    (no amulet)
Stlth  ++++++....               r - ring of wizardry
                                l - ring of ice

@: brilliant, very slightly contaminated, very quick, somewhat resistant to
hostile enchantments, very stealthy
A: unfitting armour, see invisible, agile 1, herbivore 3, speed 3, slow
metabolism 2
a: no special abilities


You were on level 7 of the Dungeon.
You were not hungry.

You visited 2 branches of the dungeon, and saw 8 of its levels.

You collected 418 gold pieces.

Inventory:

Hand weapons
 o - a +2 rapier of freezing (weapon)
 G - a +0 scythe
 Q - a +0 shortbow
Missiles
 f - 207 stones (quivered)
 q - 5 tomahawks
 s - 36 poisoned needles
 z - 50 arrows
Armour
 a - a +0 buckler (worn)
 b - a +1 robe (worn)
 h - a +0 cloak
 w - a +0 robe
 H - a +0 robe
 K - a cursed +0 robe
 P - a +0 robe
Jewellery
 l - a ring of ice (left hand)
 r - a ring of wizardry (right hand)
Magical devices
 j - a wand of magic darts (15)
 u - a wand of cold (6)
 E - a wand of enslavement (5)
 I - a wand of slowing (29)
Scrolls
 g - 3 scrolls of identify
 m - 3 scrolls of teleportation
 n - a scroll of enchant weapon {unknown}
 p - 4 scrolls of remove curse
 t - a scroll of blinking
 C - 2 scrolls of magic mapping {unknown}
 D - a scroll of fear {unknown}
 M - a scroll of recharging {unknown}
Potions
 e - a potion of haste
 i - a potion of poison
 x - 2 potions of curing
 F - 2 potions of berserk rage {unknown}
 J - a potion of agility {unknown}
 L - a potion of beneficial mutation {unknown}
Books
 c - a book of Maledictions

   Spells                             Type                      Level
   a - Corona                         Hexes                        1
   b - Ensorcelled Hibernation        Hexes/Ice                    2
   c - Confuse                        Hexes                        3
   d - Tukima's Dance                 Hexes                        3
   e - Dazzling Spray                 Conjuration/Hexes            3
Miscellaneous
 N - a plain deck of defence
Comestibles
 d - 6 bread rations
 A - a fruit


   Skills:
 + Level 1.8 Fighting
 * Level 5.5 Short Blades
 + Level 0.7 Throwing
 * Level 8.0 Dodging
 + Level 13.3 Stealth
 - Level 4.3 Spellcasting
 + Level 6.9 Hexes
 - Level 0.2 Ice Magic


You had 10 spell levels left.
You knew the following spells:

 Your Spells              Type           Power        Failure   Level  Hunger
a - Corona                Hex            ######.      1%          1    None
b - Ensorcelled Hibernat  Hex/Ice        ######       1%          2    #......
c - Confuse               Hex            ######..     1%          3    ##.....


Dungeon Overview and Level Annotations

Branches:
Dungeon (7/15)             Temple (1/1) D:5

Altars:
Elyvilon
Gozag
Makhleb
Nemelex Xobeh
Okawaru
Qazlal
Trog
Vehumet
Xom
The Shining One

Annotations:
D:4 Grinder; eataudio's ghost, average MiFi
D:5 dontdoit's ghost, experienced TrBe
D:6 Shenaniganizer's ghost, experienced OpAs


Innate Abilities, Weirdness & Mutations

You are tiny and cannot use many weapons and most armour.
You have supernaturally acute eyesight.
You are a herbivore.
You cover ground extremely quickly.
You need consume almost no food.
You are agile. (Dex +2)


Message History

You feel off-balance for a moment.
The electric eel shoots out a bolt of lightning at you!
The bolt of electricity hits you!
Casting: Ensorcelled Hibernation
Confirm with . or Enter, or press ? or * to list all spells.
Aiming: Ensorcelled Hibernation
Press: ? - help, Shift-Dir - straight line, f/p - electric eel
Aim: an electric eel (water, lightly wounded, chance 63%)
You feel a surge of power!
The electric eel resists with significant effort.
The electric eel shoots out a bolt of lightning at you!
The bolt of electricity hits you!
* * * LOW HITPOINT WARNING * * *
Drink which item? (? for menu, Esc to quit)
You feel clever all of a sudden.
Drink which item? (? for menu, Esc to quit)
You feel better.
The electric eel shoots out a bolt of lightning at you!
The bolt of electricity hits you!
You die...

#.. ##≈≈# #..#.##
#.. ≈≈≈≈≈≈#.....#
#.#≈≈#≈≈#≈##..(.###
#.#≈≈≈≈≈≈≈≈#.......
##.#≈≈#≈≈≈#≈≈....###
#..##;≈≈≈≈≈##.......
#...≈≈≈≈#≈≈#..##..##
#...###≈≈##≈..##..#
#..@..##≈≈....##..#
#)............##..#
#.#.....#|.#####..#
#.........## #..##
###.....### #....
#.....# #.###
#.....# #.# #.....#
#.# #.....# #.#


You could see an electric eel.

Vanquished Creatures
  Sigmund (D:5)
  5 yaks
  Menkaure (D:4)
  Duvessa (D:5)
  A sky beast (D:6)
  An ice beast (D:4)
  3 ogres
  2 centaurs
  Blork the orc (D:6)
  Dowan (D:5)
  2 scorpions (D:4)
  2 hounds
  Crazy Yiuf (D:4)
  An orc priest (D:3)
  3 jellies (D:5)
  An iguana (D:5)
  A giant frog skeleton (D:4)
  Natasha (D:4)
  An orc wizard (D:3)
  2 worker ants
  A hound skeleton (D:6)
  10 adders
  10 gnolls (D:3)
  2 oozes
  An adder zombie (D:6)
  6 worms
  6 giant geckos
  9 orcs (D:3)
  A bat skeleton (D:7)
  3 giant cockroaches
  6 hobgoblins
  12 kobolds
  3 quokkas
  2 ball pythons
  9 bats
  A giant gecko skeleton (D:4)
  6 giant newts
  13 goblins
  A quokka skeleton (D:6)
  11 rats
145 creatures vanquished.

Vanquished Creatures (others)
  A worker ant zombie (D:5)
1 creature vanquished.

Grand Total: 146 creatures vanquished

Notes
Turn   | Place    | Note
--------------------------------------------------------------
     0 | D:1      | Torrence, the Spriggan Enchanter, began the quest for the Orb.
     0 | D:1      | Reached XP level 1. HP: 9/9 MP: 5/5
   737 | D:1      | Reached XP level 2. HP: 11/13 MP: 6/6
   744 | D:1      | Learned a level 2 spell: Ensorcelled Hibernation
   751 | D:1      | Reached skill level 5 in Stealth
  1222 | D:2      | Reached XP level 3. HP: 13/16 MP: 2/8
  1377 | D:2      | Learned a level 3 spell: Confuse
  2238 | D:3      | Reached skill level 6 in Stealth
  2238 | D:3      | Reached XP level 4. HP: 21/21 MP: 7/10
  2950 | D:3      | Reached skill level 7 in Stealth
  2950 | D:3      | Reached XP level 5. HP: 24/24 MP: 6/11
  3930 | D:3      | Reached skill level 8 in Stealth
  3930 | D:3      | Reached XP level 6. HP: 28/28 MP: 13/13
  4277 | D:4      | Reached skill level 9 in Stealth
  4314 | D:4      | Noticed Grinder
  4320 | D:4      | Paralysed by Grinder for 3 turns
  4441 | D:4      | Noticed Menkaure
  4506 | D:4      | Killed Menkaure
  4506 | D:4      | Reached XP level 7. HP: 32/32 MP: 14/14
  4650 | D:4      | Noticed eataudio's ghost (average MiFi)
  4688 | D:4      | Noticed Crazy Yiuf
  4694 | D:4      | Killed Crazy Yiuf
  4694 | D:4      | Reached skill level 10 in Stealth
  4818 | D:4      | Noticed Natasha
  4932 | D:4      | Killed Natasha
  4932 | D:4      | Reached skill level 5 in Hexes
  4948 | D:4      | Gained mutation: You occasionally shout uncontrollably at your foes. [potion of mutation]
  4948 | D:4      | Lost mutation: You occasionally shout uncontrollably at your foes. [potion of mutation]
  4948 | D:4      | Gained mutation: You are agile. (Dex +2) [potion of mutation]
  5715 | D:5      | Entered Level 5 of the Dungeon
  5715 | D:5      | Found an iron altar of Okawaru.
  5767 | D:5      | Noticed Duvessa
  5772 | D:5      | Noticed Dowan
  5779 | D:5      | Killed Duvessa
  5779 | D:5      | Reached skill level 5 in Dodging
  5897 | D:5      | Killed Dowan
  5942 | D:5      | Reached XP level 8. HP: 23/37 MP: 11/15
  6163 | D:5      | Found a staircase to the Ecumenical Temple.
  6173 | Temple   | Entered the Ecumenical Temple
  6474 | D:5      | Noticed dontdoit's ghost (experienced TrBe)
  6834 | D:5      | Found a bloodstained altar of Trog.
  6853 | D:5      | Noticed Sigmund
  7037 | D:5      | Reached skill level 11 in Stealth
  7177 | D:5      | Killed Sigmund
  7221 | D:5      | Reached skill level 1 in Fighting
  7358 | D:5      | Reached skill level 12 in Stealth
  7362 | D:4      | Reached skill level 5 in Short Blades
  7577 | D:4      | Reached XP level 9. HP: 41/41 MP: 13/16
  8593 | D:6      | Reached skill level 13 in Stealth
  9109 | D:6      | Found a sparkling altar of Nemelex Xobeh.
  9144 | D:6      | Noticed Blork the orc
  9150 | D:6      | Killed Blork the orc
  9221 | D:6      | Noticed Shenaniganizer's ghost (experienced OpAs)
  9541 | D:7      | HP: 1/42 [electric eel/bolt of electricity (16)]
  9548 | D:7      | Killed from afar by an electric eel

Action                   |  1- 3 |  4- 6 |  7- 9 || total
-------------------------+-------+-------+-------++-------
Melee: Dagger            |    87 |    98 |    45 ||   230
       Rapier            |       |       |    60 ||    60
Throw: Stone             |    17 |     6 |     2 ||    25
 Cast: Corona            |     6 |       |       ||     6
       Ensorcelled Hiber |    17 |    40 |    62 ||   119
       Confuse           |     1 |       |     4 ||     5
  Use: Potion            |     2 |     1 |    11 ||    14
       Scroll            |     4 |     2 |     7 ||    13
 Stab: Sleeping          |    14 |    39 |    46 ||    99
       Confused          |     1 |       |     2 ||     3
       Distracted        |       |       |     1 ||     1
  Eat: Fruit             |       |     1 |     2 ||     3
       Bread ration      |       |     1 |       ||     1
       Pizza             |       |       |     1 ||     1
